AoeStats
← Tiantian_get

Black Forest

510718162Analyzed
4v4 RM · 2d ago on Oct 2, 2026· 43m 40s· 8 players
Game mode
Random Map
Map size
Large (8 player)
Population
200
Speed
Normal
Resources
Standard
Victory
Conquest
Starting age
Dark Age
Ending age
Imperial Age
RankedLock teamsTeams togetherTeam positionsShared explorationLock speedFull tech treeHidden civsTurbo modeCheats
Victory
Defeat
🇨🇳 Turks · China
1162
+13
🇨🇳 Turks · China
1089
+16
🇨🇳 Saxons · China
1072
+16
🇹🇼 Danes · Taiwan
1070
+16
🇦🇺 Saxons · Australia
1131
-18
🇨🇳 Koreans · China
1086
-15
1057
-14
🇨🇦 Ethiopians · Canada
1046
-14
Tiantian_get
11:15 Feudal Age
15:26 Castle Age
13:14 Horse Collar
19:42 Loom
21:49 Town Watch
22:39 Wheelbarrow
22:45 Wheelbarrow
22:29 Double-Bit Axe
23:32 Heavy Plow
25:32 Bow Saw
25:14 Gold Mining
25:15 Stone Mining
25:26 Elite Skirmisher
25:59 Fletching
26:50 Thumb Ring
27:33 Hand Cart
27:18 Town Patrol
27:56 Town Patrol
32:31 Imperial Age
31:47 Gold Shaft Mining
31:52 Ballistics
31:34 Bodkin Arrow
32:25 Stone Shaft Mining
34:26 Chemistry
34:24 Bracer
35:29 Two-Man Saw
34:21 Arson
34:08 Elite War Wagon
35:18 Conscription
36:31 Forging
36:34 Murder Holes
36:47 Siege Engineers
37:34 Squires
36:54 Elite Fire Lancer
37:48 Crossbowman
tboss
0:27 Loom
12:16 Feudal Age
15:59 Castle Age
14:10 Double-Bit Axe
14:17 Horse Collar
17:20 Bow Saw
20:26 Wheelbarrow
21:10 Town Watch
23:01 Hand Cart
28:29 Imperial Age
26:33 Gold Mining
27:49 Ballistics
29:20 Town Patrol
30:24 Chemistry
29:44 Torsion Engines
29:14 Heavy Scorpion
30:15 Town Patrol
31:05 Siege Engineers
35:31 Heavy Plow
36:33 Two-Man Saw
36:32 Fortified Wall
36:17 Murder Holes
ufokinw0tm8
2:03 Loom
11:35 Feudal Age
16:41 Fletching
21:15 Castle Age
19:48 Double-Bit Axe
20:07 Horse Collar
22:15 Bow Saw
23:12 Wheelbarrow
33:15 Squires
34:36 Town Watch
38:12 Man-at-Arms
DR GUS GLITTERGELPEN BILDORDER Ⅷ
1:51 Loom
12:23 Feudal Age
13:46 Wheelbarrow
15:30 Double-Bit Axe
18:05 Castle Age
15:55 Horse Collar
19:03 Bow Saw
18:57 Heavy Plow
19:48 Hand Cart
22:19 Town Watch
24:06 Fletching
25:13 Padded Archer Armor
27:57 Bodkin Arrow
28:48 Bloodlines
28:54 Gold Mining
29:15 Thumb Ring
31:08 Gold Shaft Mining
31:22 Ballistics
30:53 Heated Shot
31:14 Masonry
31:29 Leather Archer Armor
31:26 Husbandry
34:54 Imperial Age
35:42 Bracer
37:09 Chemistry
35:51 Treadmill Crane
36:41 Elite Elephant Archer
38:47 Scale Barding Armor
38:53 Forging
40:22 Conscription
40:40 Chain Barding Armor
40:56 Iron Casting
41:22 Iron Casting
40:31 Crossbowman
40:31 Elite Skirmisher
42:48 Plate Barding Armor
42:13 Scale Mail Armor
42:49 Plate Barding Armor
MarKK
0:33 Loom
11:55 Feudal Age
16:19 Castle Age
14:19 Horse Collar
14:25 Double-Bit Axe
21:48 Wheelbarrow
23:33 Bow Saw
23:26 Heavy Plow
24:45 Hand Cart
25:53 Gold Mining
25:55 Stone Mining
27:49 Gold Shaft Mining
27:50 Stone Shaft Mining
30:50 Imperial Age
29:25 Forging
29:16 Scale Mail Armor
28:57 Pikeman
29:40 Squires
29:26 Arson
31:01 Iron Casting
31:37 Chain Mail Armor
32:19 Halberdier
32:20 Elite Varangian Guard
32:25 Capped Ram
34:27 Blast Furnace
33:58 Plate Mail Armor
34:36 Siege Ram
35:50 Conscription
34:52 Northmen's Fury
34:57 Hamask
37:56 Onager
45:20 Chemistry
朱月白
0:28 Loom
12:53 Feudal Age
18:14 Castle Age
16:47 Double-Bit Axe
16:51 Horse Collar
23:15 Gold Mining
26:52 Gold Shaft Mining
30:59 Imperial Age
28:36 Fletching
29:11 Heavy Plow
30:17 Bow Saw
30:31 Bodkin Arrow
30:37 Padded Archer Armor
33:16 Two-Man Saw
33:02 Wheelbarrow
33:10 Leather Archer Armor
36:47 Ring Archer Armor
36:19 Bracer
36:37 Bloodlines
36:27 Husbandry
38:30 Scale Barding Armor
38:36 Forging
40:29 Heavy Camel Rider
42:38 Chain Barding Armor
42:54 Iron Casting
43:19 Conscription
44:39 Plate Barding Armor
NickJiang
10:57 Feudal Age
11:41 Double-Bit Axe
14:52 Castle Age
16:17 Wheelbarrow
18:33 Bow Saw
18:06 Horse Collar
22:35 Heavy Plow
23:56 Gold Mining
28:59 Imperial Age
27:10 Gold Shaft Mining
26:53 Hand Cart
26:23 Loom
27:09 Scale Mail Armor
28:12 Stone Mining
28:41 Chain Mail Armor
28:44 Arson
28:59 Squires
28:53 Pikeman
30:10 Plate Mail Armor
29:51 Forging
29:15 Elite Varangian Guard
31:20 Siege Engineers
33:30 Iron Casting
34:19 Shield Wall
36:40 Conscription
37:26 Fletching
38:40 Chemistry
38:00 Ballistics
38:30 Onager
40:46 Bodkin Arrow
bluestorm
0:46 Loom
13:00 Feudal Age
15:51 Fletching
18:11 Castle Age
17:50 Double-Bit Axe
18:40 Horse Collar
22:05 Wheelbarrow
25:47 Imperial Age
24:01 Bow Saw
26:17 Heavy Plow
27:14 Heavy Plow
27:55 Hand Cart
28:16 Stone Mining
31:29 Town Watch
34:45 Artillery
35:06 Conscription
36:24 Scale Barding Armor
36:30 Forging
36:45 Conscription
36:51 Ballistics
38:28 Bombard Tower
38:07 Bodkin Arrow
39:40 Bloodlines
39:31 Husbandry
39:59 Bracer
40:20 Chain Barding Armor
40:35 Iron Casting
Connection lost

Rejoining the realm…

Still unreachable

The connection could not be restored.

Session expired

The server has moved on; the page needs a fresh start.